Cogmind - Beta 17 @@@ ROGUE MODE // 2026.08.23 @ 01:53:09 Player: 4R-ZE3 Result: Destroyed by Enhanced Grunt with Neutron Cannon Performance ------------- Evolutions (3) 1500 Regions Visited (11) 2200 Robots Destroyed (143) 715 Value Destroyed (4360) 4360 Prototype IDs (217) 4340 Alien Tech Used (0) 0 Bonus (3357) 3357 TOTAL SCORE: 16472 Bonus ------- High Alert Combat Kills 57 Met Data Miner 300 Used Data Conduit 3000 Cogmind --------- Core Integrity 0/700 Matter 170/300 Energy 150/150 System Corruption 21% Temperature Cool (0) Movement Rolling (190) Ox8 Location -7/Data Miner Parts ------- > --- POWER (2) -------- Micro Nuclear Core > --- PROPULSION (2) --- Medium Treads Wheel > --- UTILITY (6) ------ Huge Storage Unit Improved Signal Interpreter > --- WEAPON (3) ------- Heavy Assault Rifle > --- INVENTORY (25) --- Improved Deuterium Engine Micro Nuclear Core Armored Treads Advanced Treads Wheel Improved Sensor Array Improved Terrain Scanner Hardlight Generator System Shield Gatling Laser Ion Cannon Ion Cannon Heavy Plasma Cannon Heavy Plasma Cannon Heavy Assault Rifle Heavy Assault Rifle Assault Cannon Proton Missile Launcher Peak State ------------ > --- POWER ------------ Deuterium Engine Fusion Compressor > --- PROPULSION ------- Heavy Treads > --- UTILITY ---------- Improved Cooling System Huge Storage Unit Improved Sensor Array Improved Signal Interpreter Improved Terrain Scanner Hacking Suite > --- WEAPON ----------- Lightning Gun Lightning Gun Improved Spread Laser > --- INVENTORY -------- Advanced Treads Medium Treads Matter Filter Quantum Capacitor Quantum Capacitor Heavy Armor Plating Heavy Armor Plating Heavy Armor Plating Hardlight Generator System Shield Lightning Gun Lightning Gun Arc Projector Arc Projector EM Pulse Cannon Heavy Particle Cannon Ion Cannon High-powered Shotgun Assault Cannon [Rating: 59] Favorites ----------- Power Improved Deuterium Engine Engine Improved Deuterium Engine Power Core Micro Nuclear Core Propulsion Wheel Treads Light Treads Wheel Wheel Utility Huge Storage Unit Device Improved Heat Sink Storage Huge Storage Unit Processor Improved Signal Interpreter Hackware Hacking Suite Protection Heavy Armor Plating Weapon Advanced Beam Cannon Energy Gun Advanced Beam Rifle Energy Cannon Advanced Beam Cannon Ballistic Gun Light Assault Rifle Ballistic Cannon Assault Cannon Launcher Rocket Launcher Build | -11 -10 -10 -9 -9 -8 -7 -7 -7 -7 -7 -7 ------- Run | Yrd Mat Min Mat Min Mat Fac Was Fac Low Low Dat Slots Evolved 6 | . . . 2 . 2 2 . . . . . Power 1 | . . . . . . 1 . . . . . Propulsion . | . . . . . . . . . . . . Utility 4 | . . . 1 . 2 1 . . . . . Weapon 1 | . . . 1 . . . . . . . . Parts Attached 119 | 6 6 4 25 4 13 3 9 36 . 7 6 Power 15 | 1 1 . 3 1 1 1 1 6 . . . Engine 11 | 1 1 . 3 . 1 1 1 3 . . . Core 4 | . . . . 1 . . . 3 . . . Reactor . | . . . . . . . . . . . . Propulsion 26 | 2 2 1 10 1 1 . . 7 . . 2 Treads 11 | 2 2 1 3 . . . . 3 . . . Leg . | . . . . . . . . . . . . Wheel 15 | . . . 7 1 1 . . 4 . . 2 Hover . | . . . . . . . . . . . . Flight . | . . . . . . . . . . . . Utility 34 | 1 2 . 7 2 5 2 1 10 . 2 2 Device 21 | . 1 . 5 1 4 1 1 6 . 1 1 Storage 5 | 1 1 . 2 . . 1 . . . . . Processor 3 | . . . . . 1 . . 2 . . . Hackware 1 | . . . . . . . . 1 . . . Protection 4 | . . . . 1 . . . 1 . 1 1 Artifact . | . . . . . . . . . . . . Weapon 44 | 2 1 3 5 . 6 . 7 13 . 5 2 Energy Gun 14 | . . . . . 4 . 4 6 . . . Energy Cannon 13 | . . 2 4 . 2 . 1 4 . . . Ballistic Gun 11 | 2 . . 1 . . . . 2 . 4 2 Ballistic Cannon 1 | . . . . . . . . 1 . . . Launcher 5 | . 1 1 . . . . 2 . . 1 . Special Weapon . | . . . . . . . . . . . . Impact Weapon . | . . . . . . . . . . . . Slashing Weapon . | . . . . . . . . . . . . Piercing Weapon . | . . . . . . . . . . . . Special Melee Weapon . | . . . . . . . . . . . . Unidentified Prototypes 7 | . . . 2 1 2 . 1 1 . . . Parts Lost 45 | . 2 2 4 . 7 . 11 8 . . 11 Power 8 | . 1 . 1 . 1 . 2 2 . . 1 Propulsion 12 | . 1 1 2 . 2 . 3 1 . . 2 Utility 10 | . . . 1 . 2 . 1 2 . . 4 Weapon 15 | . . 1 . . 2 . 5 3 . . 4 Highest Loss Streak 11 | . 1 2 1 . 5 . 6 5 . . 11 To Critical Strikes . | . . . . . . . . . . . . Average Backups 17 | 1 6 9 18 25 24 23 16 16 23 23 23 Power 1 | . . . 2 4 3 2 . 1 2 2 2 Propulsion 3 | . 1 2 6 7 4 4 1 2 4 5 5 Utility 4 | . 1 1 2 6 5 6 6 5 6 5 4 Weapon 7 | . 3 5 6 7 9 11 7 7 11 11 10 Tool/Special . | . . . . . . . . . . . . Unused Backups 37 | . . 2 5 2 3 . 10 5 . . 10 Power 3 | . . . . 1 . . . . . . 2 Propulsion 5 | . . . 2 1 . . . . . . 2 Utility 12 | . . 1 3 . . . 5 2 . . 1 Weapon 17 | . . 1 . . 3 . 5 3 . . 5 Tool/Special . | . . . . . . . . . . . . Average Slot Usage (%) 90 | . 95 99 96 100 97 97 66 81 84 83 82 Engine 8 | . 14 14 10 7 . 13 9 6 7 7 7 Core 3 | . . . . 3 8 . . 4 7 7 7 Treads 8 | . 27 28 5 . . . 6 4 . . . Wheel 8 | . . . 16 22 17 15 3 5 7 7 7 Device 16 | . 10 14 18 20 25 29 19 14 15 15 14 Storage 9 | . 14 14 11 11 9 7 5 6 7 7 7 Processor 4 | . . . . . 8 7 5 8 7 7 7 Protection 2 | . . . . 1 1 . . 2 7 7 6 Energy Gun 4 | . . . . . 16 23 14 9 . . . Energy Cannon 15 | . . 19 32 31 9 . . 9 23 18 . Ballistic Gun 5 | . 28 8 . . . . . 2 . 3 23 Peak Build Rating 59 | 6 10 11 23 28 39 42 46 59 48 49 46 Average Rating 30 | 4 8 9 17 23 34 41 29 43 48 47 43 On Entrance 24 | . 6 10 10 23 26 36 42 2 48 48 45 Avg Prop Armor Cover (%) 3 | . . . . 4 3 . . . . . . Naked Turns 40 | . . . . . . . 40 . . . . Heaviest Build 135 | 12 18 22 104 106 109 109 110 135 135 135 122 Greatest Support 70 | 40 40 40 40 26 20 20 40 70 28 28 28 Greatest Overweight (x) 27 | . . . 5 10 10 5 27 6 4 4 9 Average Overweight (x) 2 | . . . 3 5 5 4 1 2 4 4 4 Largest Inventory Capacity 25 | 8 10 10 25 25 25 25 25 25 25 25 25 Average Capacity 20 | 7 9 10 21 25 25 25 20 23 25 25 25 Most Carried 25 | 2 10 10 25 25 25 25 24 25 25 25 25 Average Carried 18 | 1 6 9 18 24 23 23 15 18 25 24 24 Final Capacity 25 | 8 10 10 25 25 25 25 5 25 25 25 25 Final Carried 25 | 2 10 10 25 25 25 24 5 25 25 25 18 Class Distribution -------------------- 31% | Skirmisher 23% | Mutant 14% | Scavenger-Skirmisher 12% | Gunner 8% | Scavenger-Gunner 5% | Scavenger-Tank Dominant Class ---------------- Mutant | -10/Materials Mutant | -10/Mines Scavenger-Gunner | -9/Materials Gunner | -9/Mines Scavenger-Skirmisher | -8/Materials Scavenger-Tank | -7/Factory Skirmisher | -7/Waste Skirmisher | -7/Factory Skirmisher | -7/Lower Caves Skirmisher | -7/Lower Caves Skirmisher | -7/Data Miner Resources | -11 -10 -10 -9 -9 -8 -7 -7 -7 -7 -7 -7 ----------- Run | Yrd Mat Min Mat Min Mat Fac Was Fac Low Low Dat Matter Collected 2476 | 180 287 82 346 101 170 30 150 845 41 244 . Remotely 10 | . . . . . . . . . . 10 . Salvage Created 6770 | . 772 409 1611 383 1412 70 727 1011 94 198 83 Parts 282 | . 45 26 79 11 46 1 8 54 5 4 3 Haulers Intercepted 9 | . 2 . 4 . 3 . . . . . . Recyclers Shooed 1 | . . . . . . . . 1 . . . Parts Field Recycled . | . . . . . . . . . . . . Retrieved Matter . | . . . . . . . . . . . . Parts Self-Destructed 8 | . . . . . . . . . 5 3 . Prevented . | . . . . . . . . . . . . Parts Restored . | . . . . . . . . . . . . Kills | -11 -10 -10 -9 -9 -8 -7 -7 -7 -7 -7 -7 ------- Run | Yrd Mat Min Mat Min Mat Fac Was Fac Low Low Dat Combat Hostiles Destroyed 112 | . 17 10 27 13 21 1 3 16 2 1 1 Guns 37 | . 14 1 . . 10 1 1 9 . . 1 Cannons 55 | . . 6 21 12 8 . . 6 1 1 . AOE 12 | . 3 3 4 1 . . 1 . . . . Classes Destroyed 16 | . 7 3 1 1 1 . 1 1 . 1 . Worker 9 | . 2 1 3 . . . . 3 . . . Builder 4 | . . 1 . 1 1 . . 1 . . . Tunneler 3 | . . 1 . 2 . . . . . . . Hauler 9 | . 2 . 4 . 3 . . . . . . Recycler 11 | . 1 1 2 1 2 . . 4 . . . Mechanic 1 | . 1 . . . . . . . . . . Operator 1 | . . . 1 . . . . . . . . Watcher 3 | . 1 . . . 1 . . 1 . . . Swarmer 18 | . 3 6 4 . . . . 5 . . . Grunt 51 | . 14 2 14 2 14 . . 5 . . . Sentry 18 | . . 2 9 . 4 1 . 2 . . . Hunter 6 | . . . . . 3 . . . 2 1 . Programmer 4 | . . . . . . . . 4 . . . Compactor 3 | . . . . . . . 3 . . . . Enhanced Grunt 1 | . . . . . . . . . . . 1 Decomposer 2 | . . . . . . . . . . 2 . Samaritan 2 | . . . . . . . . . . 2 . Assembled 10 | . . . . 10 . . . . . . . Best Kill Streak 7 | . 6 6 7 6 6 1 1 4 1 1 1 Combat Bots Only 7 | . 4 6 7 6 6 1 1 4 1 1 1 Max Kills in Single Turn 6 | . 6 2 2 1 2 1 1 1 1 1 1 Gunslinging . | . . . . . . . . . . . . Exploded 3 | . 3 2 2 1 . . 1 . . . . Melee . | . . . . . . . . . . . . Uniques/NPCs Destroyed 1 | . . . . 1 . . . . . . . YI-UF0 (-9/Mines) Combat | -11 -10 -10 -9 -9 -8 -7 -7 -7 -7 -7 -7 -------- Run | Yrd Mat Min Mat Min Mat Fac Was Fac Low Low Dat Hostile Shots Fired 587 | . 78 55 77 19 95 27 8 147 16 6 59 Missed 172 | . 21 13 22 8 30 13 . 38 7 4 16 Hits 415 | . 57 42 55 11 65 14 8 109 9 2 43 Melee 9 | . . . . 1 . . 8 . . . . Projectile 406 | . 57 42 55 10 65 14 . 109 9 2 43 Critical Strikes 14 | . 1 . 1 . 3 . 5 3 1 . . Part Disruptions 1 | . . . . 1 . . . . . . . Damage Taken 7384 | . 659 507 673 203 998 76 616 1556 96 . 2000 Core 1214 | . 108 88 99 19 195 1 199 234 6 . 265 Absorbed by Shields 84 | . . . . . . 44 . 4 36 . . Core Remaining (%) 63 | 100 . 21 . 70 64 . . . . . . Volleys Fired 358 | . 67 30 58 23 54 3 25 67 7 12 12 Largest 3 | . 2 2 3 3 3 3 3 3 3 3 3 Hottest 204 | . 40 120 204 204 204 183 191 195 195 195 69 Shots Fired 890 | . 133 58 161 66 157 9 70 147 19 37 33 Gun 464 | . 132 10 12 . 91 9 65 88 . 24 33 Cannon 414 | . . 46 146 65 66 . . 59 19 13 . Launcher 12 | . 1 2 3 1 . . 5 . . . . Special . | . . . . . . . . . . . . Kinetic 260 | . 132 10 12 . . . . 49 . 24 33 Thermal 578 | . . 46 146 65 157 9 65 58 19 13 . Explosive 12 | . 1 2 3 1 . . 5 . . . . Electromagnetic 40 | . . . . . . . . 40 . . . Robot Hit Streak 19 | . 16 17 19 17 16 19 10 11 4 7 5 Robot Miss Streak 9 | . 3 3 4 4 3 . 4 9 3 4 3 Penetration Max . | . . . . . . . . . . . . Secondary Targets 5 | . . . . . 2 . 1 1 . . 1 Max Gunslinging Chain 1 | . . . . . 1 . 1 1 . . 1 Shots Hit Robots 577 | . 106 35 94 35 111 9 53 86 8 20 20 Core Hits 255 | . 47 17 46 18 44 3 11 46 3 10 10 Critical Kills 4 | . 1 . 2 . . . . . 1 . . Critical Parts Destroyed 1 | . 1 . . . . . . . . . . Critical Strikes 23 | . 2 . 2 . 13 2 3 . 1 . . Burn 18 | . . . . . 13 2 3 . . . . Meltdown 3 | . . . 2 . . . . . 1 . . Destroy 2 | . 2 . . . . . . . . . . Melee Attacks . | . . . . . . . . . . . . Impact . | . . . . . . . . . . . . Slashing . | . . . . . . . . . . . . Piercing . | . . . . . . . . . . . . Sneak Attacks . | . . . . . . . . . . . . Combat Hostiles . | . . . . . . . . . . . . Follow-up Attacks . | . . . . . . . . . . . . Damage Inflicted 12176 | . 1591 708 2229 771 2351 180 1444 2038 191 368 305 Guns 5093 | . 870 56 50 . 1344 180 1058 1054 . 176 305 Cannons 5296 | . . 462 1876 749 1007 . . 819 191 192 . Explosions 1781 | . 721 190 303 22 . . 386 159 . . . Melee . | . . . . . . . . . . . . Ramming 6 | . . . . . . . . 6 . . . Kinetic 2185 | . 870 56 50 . . . . 728 . 176 305 Thermal 8622 | . 588 462 1902 749 2351 180 1058 949 191 192 . Explosive 1008 | . 133 190 277 22 . . 386 . . . . Electromagnetic 355 | . . . . . . . . 355 . . . Impact . | . . . . . . . . . . . . Slashing . | . . . . . . . . . . . . Piercing . | . . . . . . . . . . . . Highest Corruption 21 | . . . . . . . 18 21 21 21 21 Average Corruption 19 | . . . . . . . 12 19 21 21 21 Corruption Purged . | . . . . . . . . . . . . Corruption Blocked . | . . . . . . . . . . . . Effects 189 | . . . . . . . 8 123 13 36 9 Message Errors 48 | . . . . . . . 2 30 5 9 2 Matter Fused 34 | . . . . . . . 1 22 . 8 3 Heat Flow Errors 22 | . . . . . . . 1 12 3 5 1 Energy Discharges 19 | . . . . . . . 1 14 . 3 1 Parts Fused 1 | . . . . . . . . 1 . . . Data Loss (minor) 30 | . . . . . . . 1 21 2 5 1 Data Loss (major) 18 | . . . . . . . . 12 2 4 . Misfires 8 | . . . . . . . . 7 . 1 . Misdirections 4 | . . . . . . . 1 2 . 1 . Weapon Failures 5 | . . . . . . . 1 2 1 . 1 Overload Shots . | . . . . . . . . . . . . Overflow Damage 330 | . 216 . 34 11 11 . 23 21 . 14 . Projectiles 57 | . . . 14 11 11 . . 7 . 14 . Explosions 273 | . 216 . 20 . . . 23 14 . . . Melee . | . . . . . . . . . . . . Knockbacks . | . . . . . . . . . . . . Impact . | . . . . . . . . . . . . Kinetic . | . . . . . . . . . . . . Secondary . | . . . . . . . . . . . . Self-Inflicted Damage 353 | . . . . 28 . . 211 114 . . . Shots 8 | . . . . 1 . . 5 2 . . . Rammed 1 | . . . . . . . . 1 . . . Targets Rammed 1 | . . . . . . . . 1 . . . Kicked . | . . . . . . . . . . . . Crushed . | . . . . . . . . . . . . Highest Temperature 461 | . 16 186 255 243 153 . 244 461 285 257 103 Average Temperature 89 | . 9 50 93 40 68 . 114 110 130 93 43 Received Heat Transfer 1641 | . 357 159 309 58 486 32 . 240 . . . Effects 6 | . . . . 1 . . . 5 . . . Shutdowns 2 | . . . . . . . . 2 . . . Energy Bleed 1 | . . . . 1 . . . . . . . Interference 3 | . . . . . . . . 3 . . . Siege Activations . | . . . . . . . . . . . . Martial Activations . | . . . . . . . . . . . . Shielding Activations . | . . . . . . . . . . . . Robots Disrupted . | . . . . . . . . . . . . Combat Hostiles . | . . . . . . . . . . . . Robots Corrupted . | . . . . . . . . . . . . Combat Hostiles . | . . . . . . . . . . . . Parts Fried 1 | . . . . . . . . 1 . . . Impact Corruptions . | . . . . . . . . . . . . Robots Melted 8 | . . . 2 . 3 . 1 1 1 . . Combat Hostiles 8 | . . . 2 . 3 . 1 1 1 . . Parts Melted 35 | . . 1 9 . 17 4 . . 3 1 . Heat Transferred 15943 | . 400 962 3454 1332 5217 481 2183 1322 296 296 . Parts Sabotaged . | . . . . . . . . . . . . Parts Stolen . | . . . . . . . . . . . . Parts Stripped . | . . . . . . . . . . . . Power Chain Reactions 2 | . . . . . . . . 2 . . . Alert | -11 -10 -10 -9 -9 -8 -7 -7 -7 -7 -7 -7 ------- Run | Yrd Mat Min Mat Min Mat Fac Was Fac Low Low Dat Maximum Alert Level 2 | . 1 . 2 1 1 . . 1 . . . Low Security (%) 73 | 100 78 100 25 92 59 100 100 78 . . . Level 1 21 | . 21 . 40 7 40 . . 21 . . . Level 2 5 | . . . 34 . . . . . . . . Level 3 . | . . . . . . . . . . . . Level 4 . | . . . . . . . . . . . . Level 5 . | . . . . . . . . . . . . High Security . | . . . . . . . . . . . . Max Security . | . . . . . . . . . . . . Peak Influence 511 | . 269 148 511 222 321 145 46 324 . . . Initial 172 | . . 79 29 172 . 135 43 . . . . Average 129 | . 120 43 313 72 168 127 6 94 . . . Influence Increases 3379 | . 618 274 918 79 695 30 17 658 60 30 . Destroy 0b10 Robot/C 1940 | . 340 200 540 40 420 20 . 320 40 20 . Destroy 0b10 Robot/NC 220 | . 35 20 65 20 35 . . 45 . . . Destroy Leader 544 | . 86 30 168 10 128 10 . 82 20 10 . Successful Hack 69 | . 10 8 7 . 4 . . 40 . . . Select Force Hacks 150 | . 60 . 30 . 60 . . . . . . Disable Machine 225 | . 60 . 45 . 45 . . 75 . . . Destroy Structure 171 | . 27 16 48 9 3 . 17 51 . . . Partial Spotted 15 | . . . . . . . . 15 . . . Lose Combat Pursuer 45 | . . . 15 . . . . 30 . . . Influence Decreases 3379 | . 414 402 551 522 396 204 142 338 259 151 . Entered New Map 832 | . . 125 47 271 . 164 82 . 119 24 . Time Decay 2269 | . 394 277 464 211 336 40 12 268 140 127 . Lost Part 238 | . 20 . 40 . 60 . 48 70 . . . Lost Ally 40 | . . . . 40 . . . . . . . Squads Dispatched 20 | . 4 . 3 . 7 . . 6 . . . Investigation 9 | . 3 . 3 . 2 . . 1 . . . Extermination 4 | . . . . . . . . 4 . . . Reinforcement 4 | . 1 . . . 2 . . 1 . . . Assault . | . . . . . . . . . . . . Garrison 3 | . . . . . 3 . . . . . . Intercept . | . . . . . . . . . . . . Searches Triggered . | . . . . . . . . . . . . Construction Impeded . | . . . . . . . . . . . . Haulers Reinforced 1 | . . . . . . . . 1 . . . Active Scanning Responses . | . . . . . . . . . . . . Cargo Convoy Interrupts . | . . . . . . . . . . . . Stealth | -11 -10 -10 -9 -9 -8 -7 -7 -7 -7 -7 -7 --------- Run | Yrd Mat Min Mat Min Mat Fac Was Fac Low Low Dat Distress Signals 9 | . 1 . 4 . 1 . . 3 . . . Communications Jammed . | . . . . . . . . . . . . Distress Signals . | . . . . . . . . . . . . Times Spotted 168 | . 30 10 37 23 26 1 6 27 2 1 5 Peak Tracking Total 8 | . 5 3 8 8 4 1 3 4 1 1 4 Tactical Retreats 5 | . . . 1 2 . . . 2 . . . Traps | -11 -10 -10 -9 -9 -8 -7 -7 -7 -7 -7 -7 ------- Run | Yrd Mat Min Mat Min Mat Fac Was Fac Low Low Dat Traps Triggered 7 | . 1 . 2 . 1 1 . 2 . . . Indirectly . | . . . . . . . . . . . . Trap Hack Attempts . | . . . . . . . . . . . . Triggered . | . . . . . . . . . . . . Disarmed . | . . . . . . . . . . . . Reprogrammed . | . . . . . . . . . . . . Reused . | . . . . . . . . . . . . Traps Extracted . | . . . . . . . . . . . . Installed . | . . . . . . . . . . . . Triggered . | . . . . . . . . . . . . Machines | -11 -10 -10 -9 -9 -8 -7 -7 -7 -7 -7 -7 ---------- Run | Yrd Mat Min Mat Min Mat Fac Was Fac Low Low Dat Machines Disabled 15 | . 4 . 3 . 3 . . 5 . . . Max in Single Turn 4 | . 4 . 2 . 1 . . 2 . . . Garrison Access 1 | . . . . . . . . 1 . . . Machines Repaired . | . . . . . . . . . . . . Machines Dismantled . | . . . . . . . . . . . . Machines Sabotaged . | . . . . . . . . . . . . Overloaded Fab Kills . | . . . . . . . . . . . . Hacking | -11 -10 -10 -9 -9 -8 -7 -7 -7 -7 -7 -7 --------- Run | Yrd Mat Min Mat Min Mat Fac Was Fac Low Low Dat Machines Accessed 33 | . 7 1 5 1 5 . . 10 . . 4 Terminals 18 | . 5 1 3 . 3 . . 6 . . . Fabricators 2 | . . . . . . . . 2 . . . Repair Stations . | . . . . . . . . . . . . Recycling Units 6 | . 2 . 1 . 2 . . 1 . . . Scanalyzers 1 | . . . 1 . . . . . . . . Garrison Access 1 | . . . . . . . . 1 . . . Total Hacks 88 | . 13 2 12 1 8 . . 20 . . 32 Successful 64 | . 9 1 9 1 4 . . 8 . . 32 Failed 24 | . 4 1 3 . 4 . . 12 . . . Catastrophic 6 | . 1 1 . . 1 . . 3 . . . Database Lockouts . | . . . . . . . . . . . . Manual 40 | . 13 2 7 . 9 . . 9 . . . Terminals 41 | . 11 2 7 . 6 . . 15 . . . Fabricators 3 | . . . . . . . . 3 . . . Repair Stations . | . . . . . . . . . . . . Recycling Units 6 | . 2 . 1 . 2 . . 1 . . . Scanalyzers 4 | . . . 4 . . . . . . . . Garrison Access 1 | . . . . . . . . 1 . . . Terminal Hacks 43 | . 5 1 2 1 . . . 2 . . 32 Record 11 | . . . . . . . . . . . 11 Part Schematic 13 | . . . . . . . . 1 . . 12 Robot Schematic 6 | . . . . . . . . . . . 6 Robot Analysis 5 | . 4 . 1 . . . . . . . . Prototype ID Bank 3 | . . . . . . . . . . . 3 Open Door 1 | . . . . 1 . . . . . . . Branch Access Points 2 | . . 1 . . . . . 1 . . . Recycling Unit Index 2 | . 1 . 1 . . . . . . . . Fabricator Hacks 2 | . . . . . . . . 2 . . . Build 2 | . . . . . . . . 2 . . . Repair Station Hacks . | . . . . . . . . . . . . Recycling Unit Hacks 1 | . . . . . . . . 1 . . . Retrieve Components 1 | . . . . . . . . 1 . . . Scanalyzer 4 | . . . 4 . . . . . . . . Retrieve Study 4 | . . . 4 . . . . . . . . Garrison Access Hacks 1 | . . . . . . . . 1 . . . Seal Access 1 | . . . . . . . . 1 . . . Unauthorized Hacks 13 | . 4 . 3 . 4 . . 2 . . . Terminals 8 | . 2 . 2 . 2 . . 2 . . . Botnet 8 | . 2 . 2 . 2 . . 2 . . . Fabricators . | . . . . . . . . . . . . Repair Stations . | . . . . . . . . . . . . Recycling Units 5 | . 2 . 1 . 2 . . . . . . Tunnel 5 | . 2 . 1 . 2 . . . . . . Scanalyzers . | . . . . . . . . . . . . Garrison Access . | . . . . . . . . . . . . Data Cores Recovered 1 | . . . 1 . . . . . . . . Used . | . . . . . . . . . . . . Hacking Detections 19 | . 5 1 3 . 3 . . 7 . . . Full Trace Events 1 | . . . . . . . . 1 . . . Feedback Events . | . . . . . . . . . . . . Feedback Blocked . | . . . . . . . . . . . . Robot Schematics Acquired 6 | . . . . . . . . . . . 6 Robots Built . | . . . . . . . . . . . . Authchips . | . . . . . . . . . . . . Time . | . . . . . . . . . . . . Total Robot Build Rating . | . . . . . . . . . . . . Part Schematics Acquired 13 | . . . . . . . . 1 . . 12 Parts Built 4 | . . . . . . . . 4 . . . Authchips . | . . . . . . . . . . . . Time 105 | . . . . . . . . 105 . . . Total Part Build Rating 24 | . . . . . . . . 24 . . . Part Studies Acquired 4 | . . . 4 . . . . . . . . Parts Repaired . | . . . . . . . . . . . . Time . | . . . . . . . . . . . . Parts Recycled . | . . . . . . . . . . . . Recycled Matter . | . . . . . . . . . . . . Retrieved Matter . | . . . . . . . . . . . . Retrieved Components 1 | . . . . . . . . 1 . . . Parts Scanalyzed . | . . . . . . . . . . . . Part Schematics Acquired . | . . . . . . . . . . . . Parts Damaged . | . . . . . . . . . . . . Bothacking | -11 -10 -10 -9 -9 -8 -7 -7 -7 -7 -7 -7 ------------ Run | Yrd Mat Min Mat Min Mat Fac Was Fac Low Low Dat Used RIF Installer . | . . . . . . . . . . . . Robots Hacked . | . . . . . . . . . . . . Non-combat . | . . . . . . . . . . . . Combat . | . . . . . . . . . . . . Robot Hacks Applied . | . . . . . . . . . . . . Relay Couplers Released . | . . . . . . . . . . . . Fabnet Peak Effective % . | . . . . . . . . . . . . Robots Rewired . | . . . . . . . . . . . . Allies Hacked . | . . . . . . . . . . . . Hacks Repelled . | . . . . . . . . . . . . Allies | -11 -10 -10 -9 -9 -8 -7 -7 -7 -7 -7 -7 -------- Run | Yrd Mat Min Mat Min Mat Fac Was Fac Low Low Dat Total Allies 3 | . . . . 3 . . . . . . . Largest Group 3 | . . . . 3 . . . . . . . Highest-Rated Group 40 | . . . . 40 . . . . . . . Highest-Rated Ally 16 | . . . . 16 . . . . . . . Total Orders . | . . . . . . . . . . . . Ally Attacks 42 | . . . . 19 . . 23 . . . . Total Damage 290 | . . . . 203 . . 87 . . . . Kills 3 | . . . . 3 . . . . . . . Allies Corrupted . | . . . . . . . . . . . . Allies Melted . | . . . . . . . . . . . . Intel | -11 -10 -10 -9 -9 -8 -7 -7 -7 -7 -7 -7 ------- Run | Yrd Mat Min Mat Min Mat Fac Was Fac Low Low Dat Active Infowar (turns) 4635 | . . . . . 798 91 151 2467 246 770 112 Optics 1040 | . . . . . 798 91 151 . . . . Sensors 3277 | . . . . . . . . 2149 246 770 112 Terrain 994 | . . . . . . . . 994 . . . Robot Analysis Total 154 | . 4 . 1 . . . . . . . 149 Derelict Logs Recovered 7 | . . 2 . 3 . . . . 1 1 . Drone Launches 5 | . . . . . . . 5 . . . . Drone Recoveries 2 | . . . . . . . 2 . . . . Exploration | -11 -10 -10 -9 -9 -8 -7 -7 -7 -7 -7 -7 ------------- Run | Yrd Mat Min Mat Min Mat Fac Was Fac Low Low Dat Turns Passed 8838 | 75 1068 778 1172 772 813 91 192 2632 291 789 165 Spaces Moved 4223 | 38 508 400 530 366 387 46 92 1170 161 451 74 Core 78 | 5 . . . . . . 73 . . . . Treads 1612 | 33 508 400 99 . . . 5 567 . . . Legs . | . . . . . . . . . . . . Wheels 2533 | . . . 431 366 387 46 14 603 161 451 74 Hover . | . . . . . . . . . . . . Flight . | . . . . . . . . . . . . Fastest Speed 50 | 50 160 160 130 130 130 130 50 130 160 160 145 Average Speed 163 | 145 160 160 144 157 148 143 94 188 160 160 160 Slowest Speed 1400 | 160 160 160 160 220 220 145 1400 240 160 160 205 Overloaded Moves . | . . . . . . . . . . . . Propulsion Burnouts . | . . . . . . . . . . . . Robots Hopped . | . . . . . . . . . . . . Potential Cave-ins . | . . . . . . . . . . . . Cave-ins Triggered . | . . . . . . . . . . . . Exploration Rate (%) 55 | 4 94 89 52 71 48 2 81 33 39 74 76 Regions Visited 11 Branch Regions 5 Pre-discovered Areas 33 | . 2 . 1 2 2 . . . . . 26 Known Exits Taken 5 | . . . 1 1 . . . 1 1 1 . Unknown Exits Taken 4 | 1 1 1 . . 1 . . . . . . Scrap Searched 5 | . . 1 . 1 . . . . . 3 . Spaces Dug . | . . . . . . . . . . . . Terrain Destroyed 203 | . 29 21 60 13 . . 29 51 . . . Melee . | . . . . . . . . . . . . Projectile 2 | . . . . 2 . . . . . . . AOE 201 | . 29 21 60 11 . . 29 51 . . . Terrain Rammed . | . . . . . . . . . . . . Walls Destroyed . | . . . . . . . . . . . . Machines Disabled . | . . . . . . . . . . . . Actions | -11 -10 -10 -9 -9 -8 -7 -7 -7 -7 -7 -7 --------- Run | Yrd Mat Min Mat Min Mat Fac Was Fac Low Low Dat Total 5471 | 55 655 485 816 514 508 65 142 1470 178 489 94 Wait 544 | 10 63 36 163 108 16 11 4 116 9 7 1 Move 4213 | 37 507 399 529 365 386 46 91 1169 160 450 74 Hop . | . . . . . . . . . . . . Pick Up 101 | 2 10 8 21 2 17 1 2 36 . 2 . Fast Attach 50 | 6 . . 5 3 9 1 2 19 . 5 . Attach 53 | . 3 2 5 . 8 2 12 14 . 1 6 Detach 8 | . . . . . . . . 8 . . . Swap 67 | . 4 4 21 6 3 . 2 18 2 6 1 Drop 74 | . 1 6 14 7 15 1 4 20 . 6 . Fire 358 | . 67 30 58 23 54 3 25 67 7 12 12 Melee . | . . . . . . . . . . . . Ram . | . . . . . . . . . . . . Kick . | . . . . . . . . . . . . Crush 1 | . . . . . . . . 1 . . . Escape Stasis 2 | . . . . . . . . 2 . . . Rewire . | . . . . . . . . . . . . Trap . | . . . . . . . . . . . . Miscellaneous . | . . . . . . . . . . . . Route ------- -11/Scrapyard -10/Materials (discovered 4 exits: *Mat x3 / *Min) -10/Mines (discovered 3 exits: *Mat x2 / [*Exi]) -9/Materials (discovered 3 exits: *Mat x2 / *Min) -9/Mines -8/Materials (discovered 3 exits: [*Fac x2] / [*Sto]) -7/Factory -7/Waste -7/Factory (discovered 2 exits: *Low x2) -7/Lower Caves -7/Lower Caves -7/Data Miner (discovered 1 exit: [*Pro]) History --------- Turn | Location | Event 7 | -11/Scrapyard | Discovered new exit (range 14) 76 | -11/Scrapyard | Entered Materials 313 | -10/Materials | Build established: Mutant 532 | -10/Materials | Discovered new exit (range 4) 774 | -10/Materials | Discovered new exit (range 7) 982 | -10/Materials | Discovered new exit (range 11) 1121 | -10/Materials | Discovered new exit (range 15) 1144 | -10/Materials | Entered Mines 1181 | -10/Mines | Found a hidden stash of uninstalled traps 1294 | -10/Mines | Deemed a non-threat by the Exiles lab entrance 1294 | -10/Mines | Discovered new exit (range 5) 1334 | -10/Mines | Received a Rocket Launcher from a helpful Derelict 1358 | -10/Mines | Core integrity fell below 50% 1456 | -10/Mines | Discovered new exit (range 8) 1839 | -10/Mines | Learned 2 Materials zone layouts 1895 | -10/Mines | Discovered new exit (range 14) 1922 | -10/Mines | Entered Materials 1922 | -9/Materials | Evolved 2 slots: Utility x1, Weapon x1 1923 | -9/Materials | Identified exit to Mines 1924 | -9/Materials | Identified exit to Materials 2304 | -9/Materials | Build established: Scavenger-Gunner 2533 | -9/Materials | Destroyed 7 combat bots 2850 | -9/Materials | Discovered exit to Materials (range 14) 3062 | -9/Materials | Build established: Gunner 3094 | -9/Materials | Entered Mines 3182 | -9/Mines | Found a Scrap Suit stashed away for nefarious purposes 3250 | -9/Mines | Learned location of Storage (-8) 3310 | -9/Mines | Learned Materials emergency access door positions 3350 | -9/Mines | Assisted by bots powering up and referring to "LRC-V3" 3400 | -9/Mines | Found the Drone Emporium 3413 | -9/Mines | Found Prototype Device 3413 | -9/Mines | Identified Thief Drone Bay 3451 | -9/Mines | Assembled infested the area 3456 | -9/Mines | Assisted by a Guerilla fighting off Assembled 3553 | -9/Mines | Lost 4 allies 3809 | -9/Mines | Discovered exit to Materials (range 15) 3829 | -9/Mines | Destroyed YI-UF0 3866 | -9/Mines | Entered Materials 3866 | -8/Materials | Evolved 2 slots: Utility x2 3929 | -8/Materials | Garrison activated, responded to threat 3992 | -8/Materials | Lost 5 parts (1n2u2w) 4233 | -8/Materials | Discovered new exit (range 5) 4297 | -8/Materials | Discovered new exit (range 13) 4333 | -8/Materials | Build established: Scavenger-Skirmisher 4661 | -8/Materials | Discovered new exit (range 6) 4679 | -8/Materials | Entered Factory 4679 | -7/Factory | Evolved 2 slots: Power x1, Utility x1 4770 | -7/Factory | Sucked down chute 4770 | -7/Factory | Entered Waste 4785 | -7/Waste | EMP discharged 4788 | -7/Waste | Spotted C-40 Crusher 4801 | -7/Waste | Crushed by Compactor (1 part destroyed, 1 dropped) 4804 | -7/Waste | Crushed by Compactor (1 part destroyed, 2 dropped) 4808 | -7/Waste | Crushed by Compactor (1 part destroyed, 2 dropped) 4809 | -7/Waste | Destroyed C-40 Crusher 4839 | -7/Waste | Spotted C-40 Crusher 4840 | -7/Waste | Lost 6 parts (1p2n1u2w) 4866 | -7/Waste | Destroyed C-40 Crusher 4876 | -7/Waste | Spotted C-40 Crusher 4885 | -7/Waste | EMP discharged 4885 | -7/Waste | System corruption reached 10% 4903 | -7/Waste | Destroyed C-40 Crusher 4910 | -7/Waste | Crushed by Compactor (1 part destroyed, 1 dropped) 4913 | -7/Waste | Crushed by Compactor (1 part destroyed, 1 dropped) 4916 | -7/Waste | Crushed by Compactor (1 part destroyed, 1 dropped) 4919 | -7/Waste | Crushed by Compactor (1 part destroyed, 2 dropped) 4921 | -7/Waste | Lost 3 allies 4921 | -7/Waste | Released all parts (5) 4922 | -7/Waste | Spotted C-40 Crusher 4922 | -7/Waste | Spotted C-40 Crusher 4936 | -7/Waste | Spotted C-40 Crusher 4950 | -7/Waste | Lost 5 parts (1p1n3w) 4952 | -7/Waste | Discovered new exit (range 11) 4962 | -7/Waste | Entered Factory 5345 | -7/Factory | Build established: Skirmisher 6003 | -7/Factory | Fabricated Quantum Capacitor (x2) 6352 | -7/Factory | Core integrity fell below 50% 6372 | -7/Factory | Lost 5 parts (1p1u3w) 6902 | -7/Factory | Identified exit to Lower Caves 6943 | -7/Factory | Build established: Scavenger-Tank 7307 | -7/Factory | Build established: Scavenger-Skirmisher 7494 | -7/Factory | Fabricated Hvy. Plasma Cannon (x2) 7594 | -7/Factory | Entered Lower Caves 7829 | -7/Lower Caves | Identified exit to Lower Caves 7885 | -7/Lower Caves | Entered another Lower Caves area 7944 | -7/Lower Caves | Build established: Skirmisher 8608 | -7/Lower Caves | Discovered new exit (range 14) 8671 | -7/Lower Caves | Identified exit to Data Miner 8674 | -7/Lower Caves | Entered Data Miner 8674 | -7/Data Miner | Discovered new exit (range 6) 8705 | -7/Data Miner | Met Data Miner 8737 | -7/Data Miner | Learned location of Section 7 (-2) 8737 | -7/Data Miner | Acquired the access code to Warlord's prototype stash 8766 | -7/Data Miner | Received God Mode back door access code from Data Miner 8781 | -7/Data Miner | Interfaced with the Data Conduit 8833 | -7/Data Miner | Core integrity fell below 20% 8839 | -7/Data Miner | Destroyed by Enhanced Grunt with Neutron Cannon Last Messages --------------- [Achievement: Unlimited Data] 08795_ System corrupted: Component data lost. 08797_ Hvy. Assault Rifle destroyed. 08799_ System corrupted: Hvy. Assault Rifle jammed. 08804_ Hvy. Armor Plating destroyed. 08815_ System corrupted: Energy discharge (-91). 08818_ Hvy. Armor Plating destroyed. 08819_ Enhanced Grunt destroyed. 08819_ Switching to secondary target: Enhanced Grunt. 08820_ Hvy. Assault Rifle destroyed. 08824_ Imp. Heat Sink destroyed. 08826_ Matter Filter destroyed. 08830_ Hvy. Assault Rifle destroyed. 08831_ Arm. Huge Wheel destroyed. 08832_ System corrupted: Matter fused (-9). 08832_ Hvy. Assault Rifle destroyed. 08832_ Wheel+ destroyed. 08834_ Imp. Deuterium Engine destroyed. Map ----- +----------------------------------------------------+ | | | | | | | | | | | | | | | | | | | | | | | | | | | | | | | | | | | ?????????????????????????????????????????? | | ?????????????????????????????????????????? | | ?????????????????????????????????????????? | | ?????????????????????????????????????????? | | ?????????????????????????????????????####? | | ?????################??????????????### #? | | ?????"""""""""""""""######????????## #? | | ????""""""" " """"""""# ######## < ##? | | ????""""""" @ =%! ## | | ????""""" g ] | | ???""""" g | | ???""""" g | | ???"""""" | | ????""""" """"""""""""""""## | | ????"""" """"###############? | | ????"""""" """""###??????????????? | | ?????""""""" "#####????????????????? | | ?????#######"## "#????????????????????? | | ???????????#"### "#????????????????????? | | ???????????#"### "#????????????????????? | | ???????????#"## "#????????????????????? | | ????????????"## "#????????????????????? | | ?????????????# "#????????????????????? | | ?????????????### "#????????????????????? | | ???????????????# "##???????????????????? | | ??????????????## ""#???????????????????? | | ???????????#?## ""#???????????????????? | | ?????????"##"#"X ""#???????????????????? | | ?????????"""""" "####????????????????? | | ?????????#""""" X"""""????????????????? | | ?????????###"#"X "##"#????????????????? | | ???????????#?## X""""#????????????????? | | ??????????????## "##"#????????????????? | +----------------------------------------------------+ Best States ------------- Heat Dissipation 90 Energy Generation 26 Energy Capacity 460 Matter Stores 300 Matter Capacity 300 Sight Range 20 Robot Scan Range 15 Terrain Scan Range 16 Terrain Scan Density 10 Base Temperature (-) 100 EM Shielding 2 Armor Coverage 600 Evasion (%) 50 Core Analysis 6 Recoil Reduction 2 Matter Filtering 30 Offensive Hacking 10 Item Schematics ----------------- Hvy. Missile Launcher | -7/Factory | Hacked Combat Drone Bay | -7/Data Miner | Free Lgt. Regenerative Plating | -7/Data Miner | Free Cld. Cesium-ion Thruster | -7/Data Miner | Free Exp. Weapon Shielding | -7/Data Miner | Free Force Rifle | -7/Data Miner | Free Adv. Shield Generator | -7/Data Miner | Free Imp. Remote Datajack | -7/Data Miner | Free Imp. Medium Treads | -7/Data Miner | Free Gyrokinetic Inverter | -7/Data Miner | Free Phase Gun | -7/Data Miner | Free Imp. Transmission Jammer | -7/Data Miner | Free Nuclear Pulse Array | -7/Data Miner | Free Robot Schematics ------------------ R-10 Processor | -7/Data Miner | Free G-47 Trooper | -7/Data Miner | Free X-72 Disruptor | -7/Data Miner | Free G-50 Soldier | -7/Data Miner | Free S-27 Virus | -7/Data Miner | Free L-41 Fighter | -7/Data Miner | Free Fabricated ------------ Quantum Capacitor | x2 | -7/Factory | Preloaded Hvy. Plasma Cannon | x2 | -7/Factory | Preloaded Repaired ---------- Nothing Studied --------- Wheel | -9/Materials | Hacked Rocket Launcher | -9/Materials | Hacked Beam Cannon | -9/Materials | Hacked Med. Laser | -9/Materials | Hacked Alien Tech Used ----------------- None Achievements -------------- Unlimited Data Challenges ------------ None Game ------ Seed WeightMetafiberMount Manual? 0 Play Time 00:59:29 Cumulative 296.6 hours Start 2026.08.22 @ 14:50:39 End 2026.08.23 @ 01:53:09 Sessions 3 Manual Loads 0 Difficulty Rogue Special Mode None Game No. 279 Rogue 225 Adventurer 54 Explorer 0 Win Type - Total 12 Types 8/0/1/1/0/0/0/1/0/1 Lore% 77 Gallery% 66 Achievement% 61 Wizard Run 0 Options --------- Layout 1 ASCII 0 Keyboard 0 Movement Mouse Keybinds 1 Fullscreen 2 Font 32/Tamsyn Map View 50x35 Zoom Use 0% Tactical HUD 1 Map Filters NONE Filters NONE Steam 1 RUN: 748d7162-32f6-4864-9d7e-706d95ea604f